 Dungeon Crawl Stone Soup version 0.13.0-17-g5f0e85f (webtiles) character file.

561 Lilouch the Cudgeler (level 6, 0/38 HPs)
             Began as a Gargoyle Fighter on Oct 21, 2013.
             Slain by a jelly (2 damage)
             ... on Level 5 of the Dungeon.
             The game lasted 00:09:14 (3013 turns).

Lilouch the Cudgeler (Gargoyle Fighter)             Turns: 3013, Time: 00:09:16

HP   0/38        AC 14     Str 21      XL: 6   Next: 58%
MP   5/5         EV  5     Int  9      God:
Gold 216         SH 18     Dex  9      Spells:  0 memorised,  5 levels left

Res.Fire  : . . .   See Invis. : .   a - +0 mace
Res.Cold  : . . .   Warding    : .   m - +0 elf chain mail
Life Prot.: + . .   Conserve   : .   c - -1 shield
Res.Poison: +       Res.Corr.  : .   (no helmet)
Res.Elec. : +       Clarity    : .   (no cloak)
Sust.Abil.: . .     Spirit.Shd : .   (no gloves)
Res.Mut.  : .       Stasis     : .   (no boots)
Res.Rott. : +       Flight     : .   (no amulet)
Saprovore : . . .                    (no ring)
                                     (no ring)

@: slightly resistant to hostile enchantments, extremely unstealthy
A: fangs 1, talons 2, life protection 1, electricity resistance, slow metabolism
1, unbreathing, petrification resistance, AC +4
a: no special abilities


You were on level 5 of the Dungeon.
You were not hungry.

You visited 1 branch of the dungeon, and saw 5 of its levels.

You collected 196 gold pieces.

Inventory:

Hand weapons
 a - a +0,+0 mace (weapon)
 b - a +0 blowgun
Missiles
 n - 23 poisoned needles
 u - 12 darts of frost (quivered)
Armour
 c - a -1 shield (worn)
 m - a +0 elven chain mail (worn)
 t - a +0 chain mail
Magical devices
 p - a wand of cold (10) {unknown}
 w - a wand of draining (3) {unknown}
Comestibles
 d - 4 bread rations
 x - a rotting chunk of kobold flesh
 B - a chunk of iguana flesh
 E - a chunk of kobold flesh
Scrolls
 e - 2 scrolls of enchant armour {unknown}
 f - 9 scrolls of identify {unknown}
 g - a scroll of curse weapon {unknown}
 h - a scroll of amnesia {unknown}
 i - 3 scrolls of fear {unknown}
 k - 2 scrolls of remove curse {unknown}
 o - a scroll of magic mapping {unknown}
 q - 2 scrolls of fog {unknown}
 r - a scroll of enchant weapon I {unknown}
 s - a scroll of recharging {unknown}
 y - 4 scrolls of teleportation {unknown}
 z - a scroll of random uselessness {unknown}
 C - a scroll of curse armour {unknown}
 D - 2 scrolls of noise {unknown}
 F - a scroll of blinking {unknown}
Potions
 j - 2 potions of slowing {unknown}
 l - 3 potions of heal wounds {unknown}
 v - a potion of brilliance {unknown}
 A - a potion of curing {unknown}
 G - a potion of poison {unknown}


   Skills:
 - Level 3.2 Fighting
 * Level 5.4 Maces & Flails
 + Level 4.9 Armour
 + Level 4.7 Shields


You had 5 spell levels left.
You didn't know any spells.

Dungeon Overview and Level Annotations

Branches:
Dungeon (5/27)
 Temple: D:4-7

Altars:
Nemelex Xobeh
Xom

Shops:
D:4 *


Innate Abilities, Weirdness & Mutations

You are resistant to torment.
You are immune to poison.
Your stone body is very resilient (AC +4).
You have very sharp teeth.
You have razor-sharp toenails.
You resist negative energy.
You are resistant to electric shocks.
You have a slow metabolism.
You can survive without breathing.
You are immune to petrification.


Message History

You hit the centaur. You claw the centaur.
The centaur is lightly wounded.
The worker ant bites you but does no damage.
The centaur barely misses you.
You barely miss the centaur. You claw the centaur.
Your bite misses the centaur.
The centaur is moderately wounded.
The centaur hits you.
The worker ant bites you but does no damage.
You block the jelly's attack.
The centaur hits you but does no damage.
The worker ant bites you but does no damage.
You hit the centaur but do no damage.
The centaur is moderately wounded.
You block the centaur's attack. The jelly hits you.
You are splashed with acid!
The acid corrodes your +0 shield!
The acid burns!
* * * LOW HITPOINT WARNING * * *
The worker ant bites you but does no damage.
The centaur barely misses you. The jelly hits you.
You die...

#### #.. #.#
#############.#######
....................J. .
..###########(#J####....#
..####### #((a@c.......
⌠.).....# #...###......
..#####.# #..... ... ..#
#.# #.#.#.# . ### ###.#
#.#.#.# #####.#.#####.#..
. ....................
#####.#.#####..... .
#.#.# ####


You could see a centaur, a jelly and a worker ant.

Vanquished Creatures
  A phantom (D:5)
  A jelly (D:5)
  2 iguanas
  A scorpion (D:5)
  2 worker ants (D:4)
  A gnoll (D:3)
  2 adders (D:4)
  An inept feature mimic (D:5)
  An iguana skeleton (D:4)
  A giant eyeball (D:4)
  4 giant geckos
  2 orcs
  2 bats
  2 giant cockroaches
  10 hobgoblins
  3 jackals (D:2)
  11 kobolds
  4 quokkas
  A ball python (D:2)
  2 giant gecko skeletons (D:4)
  3 giant newts
  8 goblins
  8 rats
73 creatures vanquished.

Notes
Turn   | Place    | Note
--------------------------------------------------------------
     0 | D:1      | Lilouch, the Gargoyle Fighter, began the quest for the Orb.
     0 | D:1      | Reached XP level 1. HP: 14/14 MP: 0/0
   193 | D:1      | Reached XP level 2. HP: 19/19 MP: 1/1
   844 | D:2      | Reached XP level 3. HP: 22/24 MP: 2/2
  1496 | D:3      | Found a sparkling altar of Nemelex Xobeh.
  1553 | D:3      | Reached XP level 4. HP: 28/28 MP: 3/3
  2012 | D:3      | Found a shimmering altar of Xom.
  2104 | D:4      | Reached skill level 4 in Armour
  2116 | D:4      | Paralysed by a giant eyeball for 3 turns
  2170 | D:4      | Reached XP level 5. HP: 30/33 MP: 4/4
  2611 | D:4      | Found Teeb's Elemental Accessories.
  2774 | D:5      | Entered Level 5 of the Dungeon
  2883 | D:5      | Noticed a phantom
  2939 | D:5      | Reached skill level 5 in Maces & Flails
  2939 | D:5      | Reached XP level 6. HP: 32/38 MP: 5/5
  2951 | D:5      | Killed a phantom
  2976 | D:5      | Found a staircase to the Ecumenical Temple.
  2984 | D:5      | the staircase to the Ecumenical Temple was a mimic.
  3006 | D:5      | Noticed a centaur
  3013 | D:5      | Slain by a jelly

Action                   |  1- 3 |  4- 6 || total
-------------------------+-------+-------++-------
Melee: Mace              |    94 |   106 ||   200
